 Dungeon Crawl Stone Soup version 0.26-a0-646-g5d7718319a (webtiles) character file.

Game seed: 17627184078438335092

328338 deyja the Harbinger of Death (level 20, -4/171 HPs)
             Began as a Demonspawn Venom Mage on Sept 3, 2020.
             Was a High Priest of Yredelemnul.
             Slain by a titan (7 damage)
             ... on level 2 of the Depths on Sept 24, 2020.
             The game lasted 03:57:24 (56059 turns).

deyja the Harbinger of Death (DsVM)                Turns: 56059, Time: 03:57:25

Health: -4/171     AC: 41    Str: 13    XL:     20   Next: 41%
Magic:  34/34      EV:  3    Int: 25    God:    Yredelemnul [*****.]
Gold:   3643       SH: 10    Dex: 16    Spells: 1/27 levels left

rFire    + . .     SeeInvis +     - Unarmed
rCold    + . .     Faith    .   B - +3 warlock's mirror {reflect}
rNeg     . . .     Spirit   .   L - +7 gold dragon scales
rPois    +         Reflect  +   Q - +2 hat {SInv}
rElec    .         Harm     .   J - +0 cloak "Saffen" {Int+3}
rCorr    .         Rampage  .   (gloves unavailable)
MR       ++++.     Clarity  +   E - +2 pair of boots
Stlth    ..........             A - amulet of Vitality {Regen+ HP+15}
HPRegen  0.78/turn              W - ring of the Mage {Wiz MR++ Int+3}
MPRegen  0.24/turn              Y - ring of protection from magic

@: mighty, flayed, sanguine armour, hasted, very quick
A: antennae 1, claws 3, blurry vision 1, clarity, powered by pain 3, spiny 3,
sanguine armour 3
}: 3/15 runes: decaying, silver, gossamer
a: Recall Undead Slaves, Injury Mirror, Animate Dead, Drain Life, Enslave Soul,
Renounce Religion


You were on level 2 of the Depths.
You worshipped Yredelemnul.
Yredelemnul was extremely pleased with you.
You visited 9 branches of the dungeon, and saw 40 of its levels.

You collected 4917 gold pieces.
You spent 1274 gold pieces at shops.

Inventory:

Hand Weapons
 v - the +1 trident "Xomamocita" {flame, *Rage +Rage Str+5 Int+6}
   (You found it on level 3 of the Vaults)

   It has been specially enchanted to burn those struck by it, causing extra
   injury to most foes and up to half again as much damage against particularly
   susceptible opponents.
   It affects your strength (+5).
   It affects your intelligence (+6).
   It lets you go berserk.
   It may make you go berserk in combat.
 R - a +7 vampiric spear
 S - a +2 longbow of flaming
 T - the +5 hand axe "Igemy" {flame, rPois}
   (You found it on level 2 of the Vaults)

   It has been specially enchanted to burn those struck by it, causing extra
   injury to most foes and up to half again as much damage against particularly
   susceptible opponents.
   Big, fiery blades are also staple armaments of hydra-hunters.
   It protects you from poison.
Armour
 l - a +2 robe of magic resistance
 n - quicksilver dragon scales
 r - a +2 robe of the Archmagi
 B - the +3 warlock's mirror (worn) {reflect}
   (You acquired it on level 10 of the Dungeon)
 E - a +2 pair of boots (worn)
 J - the +0 cloak "Saffen" (worn) {Int+3}
   (You found it on level 6 of the Lair of Beasts)

   It affects your intelligence (+3).
 L - +7 gold dragon scales (worn)
 Q - a +2 hat of see invisible (worn)
Jewellery
 d - an uncursed amulet of regeneration
 f - an uncursed ring of see invisible
 x - an uncursed ring of fire
 y - a +6 ring of dexterity
 A - the amulet of Vitality (around neck) {Regen+ HP+15}
   (You acquired it on level 6 of the Lair of Beasts)

   [amulet of regeneration]

   It affects your health (+15).
   It increases your rate of regeneration.
 O - the ring of Bodily Harmony {rN+ Str+4 SInv}
   (You took it off a vault sentinel on level 5 of the Vaults)

   [ring of positive energy]

   It affects your strength (+4).
   It protects you from negative energy.
   It lets you see invisible.
 V - an uncursed ring of protection from fire
 W - the ring of the Mage (left claw) {Wiz MR++ Int+3}
   (You bought it in a shop on level 1 of the Orcish Mines)

   [ring of wizardry]

   It improves your spell success rate.
   It affects your intelligence (+3).
   It affects your resistance to hostile enchantments.
 X - an uncursed ring of resist corrosion
 Y - a ring of protection from magic (right claw)
Wands
 p - a wand of polymorph (8)
 F - a wand of paralysis (41)
 G - a wand of iceblast (49)
 M - a wand of disintegration (41)
 N - a wand of flame (83)
Scrolls
 e - 2 scrolls of summoning
 g - 23 scrolls of teleportation
 k - 11 scrolls of amnesia
 m - 2 scrolls of silence
 q - 14 scrolls of fear
 s - 6 scrolls of blinking
 u - 26 scrolls of remove curse
 C - 6 scrolls of fog {unknown}
 D - 4 scrolls of magic mapping {unknown}
 H - 10 scrolls of identify
 P - 4 scrolls of noise {unknown}
Potions
 a - 15 potions of curing
 b - 5 potions of haste
 c - 3 potions of might
 h - 6 potions of resistance
 i - 9 potions of invisibility
 j - 3 potions of berserk rage
 o - 3 potions of mutation
 t - 17 potions of ambrosia
 w - 10 potions of lignification
 z - 3 potions of magic {unknown}
 I - 8 potions of stabbing
 K - 13 potions of flight
 U - 2 potions of cancellation {unknown}
 Z - 6 potions of brilliance {unknown}


   Skills:
 - Level 13.0 Fighting
 - Level 7.0 Polearms
 + Level 6.9 Armour
 - Level 12.2 Dodging
 - Level 1.7 Stealth
 + Level 12.8 Shields
 + Level 13.7 Unarmed Combat
 - Level 4.0 Spellcasting
 - Level 9.0 Conjurations
 - Level 10.0 Hexes
 - Level 8.8 Transmutations
 - Level 5.1 Earth Magic
 - Level 5.0 Poison Magic
 + Level 20.5 Invocations


You had one spell level left.
You knew the following spells:

 Your Spells              Type           Power        Failure   Level
a - Sting                 Tmut/Pois      ####         95%         1
b - Poisonous Vapours     Pois/Air       ###...       100%        2
c - Ignite Poison         Fire/Tmut/Pois ####....     100%        3
d - Beastly Appendage     Tmut           #####.       77%         1
e - Olgreb's Toxic Radia  Pois           ####....     100%        4
f - Mephitic Cloud        Conj/Pois/Air  ####....     100%        3
g - Invisibility          Hex            ######..     100%        6
h - Statue Form           Tmut/Erth      #####....    100%        6

Your spell library contained the following spells:

 Spells                   Type           Power        Failure   Level
 Corona                   Hex            ######.      61%         1
 Magic Dart               Conj           ####         75%         1
 Animate Skeleton         Necr           #.....       100%        1
 Apportation              Tloc           #.....       100%        1
 Shock                    Conj/Air       ####         100%        1
 Summon Small Mammal      Summ           #...         100%        1
 Slow                     Hex            ######..     75%         2
 Wereblood                Tmut           #####...     87%         2
 Confusing Touch          Hex            ######..     91%         3
 Tukima's Dance           Hex            ######..     91%         3
 Passwall                 Tmut/Erth      #####...     98%         2
 Blink                    Tloc           N/A          100%        2
 Call Imp                 Summ           #.......     100%        2
 Swiftness                Air            #.......     100%        2
 Call Canine Familiar     Summ           #.......     100%        3
 Conjure Flame            Conj/Fire      ####....     100%        3
 Gell's Gravitas          Tloc           #.........   100%        3
 Lesser Beckoning         Tloc           #.........   100%        3
 Ozocubu's Armour         Ice            #.......     100%        3
 Spider Form              Tmut/Pois      #####.....   100%        3
 Static Discharge         Conj/Air       ####....     100%        3
 Summon Guardian Golem    Hex/Summ       ####....     100%        3
 Ice Form                 Ice/Tmut       ####....     100%        4
 Passage of Golubria      Tloc           N/A          100%        4
 Petrify                  Tmut/Erth      #####...     100%        4
 Summon Ice Beast         Ice/Summ       #.......     100%        4
 Summon Lightning Spire   Summ/Air       #.......     100%        4
 Alistair's Intoxication  Tmut/Pois      #####....    100%        5
 Blade Hands              Tmut           #####.....   100%        5
 Bolt of Magma            Conj/Fire/Erth ####......   100%        5
 Irradiate                Conj/Tmut      #####.....   100%        5
 Iskenderun's Battlesphe  Conj           ######..     100%        5
 Lee's Rapid Deconstruct  Erth           ####......   100%        5
 Lightning Bolt           Conj/Air       ####......   100%        5
 Metabolic Englaciation   Hex/Ice        ####......   100%        5
 Yara's Violent Unravell  Hex/Tmut       ######....   100%        5
 Hydra Form               Tmut           #####.....   100%        6
 Iron Shot                Conj/Erth      #####.....   100%        6
 Dragon Form              Tmut           #####.....   100%        7
 Orb of Destruction       Conj           ######....   100%        7
 Spellforged Servitor     Conj/Summ      ####......   100%        7
 Ignition                 Fire           #.........   100%        8
 Shatter                  Erth           ####......   100%        9
 Tornado                  Air            #.........   100%        9


Dungeon Overview and Level Annotations

Branches:
Dungeon (15/15)            Temple (1/1) D:4            Lair (6/6) D:10
  Swamp (4/4) Lair:3       Spider (4/4) Lair:3          Orc (2/2) D:9
    Elf (1/3) Orc:2        Vaults (5/5) D:13          Crypt (0/3) Vaults:2
 Depths (2/5) D:15
  Slime: Lair:5-6

Altars:
Ashenzari
Cheibriados
Dithmenos
Elyvilon
Fedhas
Gozag
Hepliaklqana
Kikubaaqudgha
Makhleb
Nemelex Xobeh
Okawaru
Qazlal
Ru
Sif Muna
Trog
Uskayaw
Vehumet
Wu Jian
Xom
Yredelemnul
Zin
The Shining One
Beogh

Shops:
D:6 [**   D:7 (!(   D:10 (   D:14 (   Orc:1 =   Orc:2 *[*(   Vaults:4 (}:
Depths:1 (}=}

Portals:
Hell: Depths:1
Abyss: Lair:1

Annotations:
D:7 1 runed translucent door, Hores's ghost, novice GrEE
D:10 3 runed translucent doors, Hiuthokh's ghost, novice MiBe
Lair:3 exclusion: oklob plant
Lair:5 exclusion: oklob plant
Lair:6 1 runed translucent door


Innate Abilities, Weirdness & Mutations

You have claws for hands.
You are powered by pain.
You are completely covered in sharp spines.
When seriously injured, your bleeding wounds create very thick armour. (AC +12)
You have a pair of small antennae on your head.
Scrolls take you a little longer to read.
You possess an exceptional clarity of mind.


Message History

The titan is healed somewhat.
You feel better.
The flayed ghost cries, "Feel what I felt!"
The titan gestures at you while chanting.
The bolt of lightning hits you!
* * * LOW HITPOINT WARNING * * *
The bolt of lightning hits your deep troll zombie!!!
Your deep troll zombie is destroyed!
The bolt of lightning hits your spriggan air mage zombie!!
You feel yourself speed up.
The flayed ghost stares at you with tortured malice.
The titan is struck by your spines. The titan hits you!!
* * * LOW HITPOINT WARNING * * *
You focus on the pain.
You feel very mighty all of a sudden.
Unknown command.
You feel mightier all of a sudden. The titan is struck by your spines.
The titan hits you!
You die...
Your body rises from the dead as a mindless zombie. ..# #.. # #.# .. #[#.#.. .#.#. hC'

#p# #)#
#.#######)#
#....ZZ@CW#
#
#####'#####
#.
#Z.##.###[#
...
###()#Z{#.#
#.#.
#.#####Z#
#...
##Z##.##.##
#.#.
#Z##Z#(##.#
#.#.
#Z#Z####Z##
#.#.
#Z##ZZZZ###
#.#.


You could see a titan, a flayed ghost, a friendly spriggan air mage zombie and a
friendly stone giant zombie.

Vanquished Creatures
  Sojobo (Depths:1)
  2 golden dragons
  Gastronok (Orc:1)
  A sphinx (Depths:1)
  A tengu reaver (Depths:1)
  A deep elf sorcerer (Vaults:5)
  2 fire giants
  A frost giant (Vaults:5)
  An emperor scorpion (Spider:4)
  2 deep elf elementalists (Vaults:5)
  5 ironheart preservers
  4 stone giants
  8 very ugly things
  A war gargoyle (Vaults:5)
  A vampire knight (Elf:1)
  A deep elf demonologist (Vaults:5)
  Nessos (Lair:5)
  A spark wasp (Spider:4)
  A dire elephant (Lair:6)
  2 ettins
  A yaktaur captain (Vaults:5)
  2 deep elf high priests
  Harold (Orc:1)
  7 hydras
  8 ogre magi
  A great orb of eyes (Depths:2)
  3 ice dragons
  3 rakshasas
  5 spriggan air magi (Depths:2)
  16 vault guards (Vaults:5)
  A catoblepas (D:13)
  5 centaur warriors
  A death knight (Vaults:5)
  A tengu warrior (Depths:1)
  23 two-headed ogres
  3 deep troll shamans
  A deep troll earth mage (Depths:2)
  Sonja (Lair:5)
  2 spriggans (Swamp:3)
  A shadow wraith (D:13)
  A deep elf knight (Vaults:5)
  An unseen horror (D:15)
  A deep troll (Depths:2)
  2 wizards (Depths:2)
  2 swamp dragons (Swamp:4)
  Pikel (D:7)
  A deep elf archer (Vaults:3)
  A necromancer (Depths:1)
  8 deep elf magi
  2 harpies (Vaults:1)
  2 orb spiders
  9 ugly things
  4 wolf spiders
  2 orc sorcerers (Orc:2)
  A shining eye (shapeshifter) (D:13)
  2 manticores
  A cyclops (D:13)
  A moth of wrath (Spider:3)
  A black mamba (Lair:1)
  3 elephants
  Maurice (D:12)
  3 torpor snails (Lair:6)
  4 cane toads
  Maggie (D:9)
  A vault sentinel (Vaults:4)
  10 yaktaurs
  A rime drake (Lair:5)
  3 komodo dragons
  A kobold demonologist (D:12)
  3 demonic crawlers
  A freezing wraith (D:14)
  5 jumping spiders
  A meliai (shapeshifter) (D:15)
  2 tengu conjurers (Depths:1)
  7 trolls
  5 polar bears (Lair:6)
  A meliai (Spider:1)
  3 tyrant leeches (Lair:6)
  9 slime creatures
  12 hornets
  Prince Ribbit (D:7)
  A raiju (Lair:6)
  11 blink frogs
  A bog body (Lair:3)
  7 hippogriffs
  16 redbacks
  A shadow (D:13)
  19 yaks
  A water elemental (Depths:1)
  4 wraiths
  A wyvern (D:14)
  6 tarantellas
  6 basilisks
  A vampire (D:15)
  8 vampire mosquitoes
  3 wargs
  Menkaure (D:5)
  Edmund (D:6)
  An acid dragon (Vaults:1)
  5 water moccasins
  Duvessa (D:6)
  5 hell hounds (Lair:6)
  11 porcupines
  7 swamp drakes (Swamp:4)
  14 orc warriors
  5 sky beasts
  10 black bears
  An eye of draining (D:14)
  2 phantoms
  16 centaurs
  35 ogres
  A boggart (Vaults:1)
  10 crocodiles
  17 wolves
  3 big kobolds
  15 bullfrogs
  Dowan (D:6)
  A wyvern skeleton (D:13)
  A scorpion (D:10)
  14 killer bees
  A wight (D:11)
  2 howler monkeys (D:4)
  2 crimson imps (Depths:1)
  3 bullfrog zombies
  5 centaur zombies
  2 jellies (D:14)
  6 hounds
  7 orc priests
  14 orc wizards
  5 bullfrog skeletons
  4 centaur skeletons
  2 iguanas
  9 worker ants
  3 hell rats (Lair:6)
  A hound skeleton (D:10)
  4 gnolls
  A worker ant zombie (D:7)
  An elf zombie (D:12)
  12 adders
  3 shadow imps
  3 white imps
  An ooze (D:1)
  2 adder zombies
  5 dart slugs
  5 leopard geckos
  68 orcs
  2 ball pythons
  8 giant cockroaches
  12 goblins
  6 hobgoblins
  15 jackals
  22 kobolds
  7 quokkas
  14 bats
  2 frilled lizards
  A giant cockroach zombie (D:5)
  A leopard gecko skeleton (D:8)
  A leopard gecko zombie (D:7)
  6 rats
777 creatures vanquished.

Vanquished Creatures (collateral kills)
  4 golden dragons (Vaults:5)
  Arachne (Spider:3)
  A bone dragon (Swamp:3)
  2 liches
  2 tentacled monstrosities
  Rupert (D:15)
  5 titans (Vaults:5)
  A quicksilver dragon (Vaults:5)
  3 sphinxes
  Kirke (Spider:2)
  A thorn hunter (Swamp:4)
  2 tengu reavers (Vaults:5)
  Donald (Spider:2)
  6 shadow dragons (Vaults:5)
  2 storm dragons (Vaults:5)
  An iron dragon (Vaults:5)
  3 fire giants
  2 frost giants (Vaults:5)
  12 vault wardens
  An emperor scorpion (Spider:4)
  Louise (D:15)
  2 ghost moths (Spider:4)
  An orc warlord (Orc:2)
  A ghoul (Vaults:5)
  7 ironheart preservers
  A deep elf elementalist (Vaults:5)
  A war gargoyle (Vaults:5)
  5 stone giants
  7 very ugly things
  3 entropy weavers
  A vampire knight (Vaults:2)
  3 deep elf annihilators (Vaults:5)
  A deep elf demonologist (Vaults:5)
  A dire elephant (D:15)
  2 spark wasps (Spider:2)
  5 ettins
  9 yaktaur captains
  4 deep elf high priests (Vaults:5)
  6 ice dragons
  13 vault guards
  3 rakshasas
  A ghost crab (Swamp:1)
  A shambling mangrove (Swamp:3)
  12 hydras
  The ghost of Begistio the Cleaver, a journeyman OpFi of Cheibriados (Lair:1)
  5 death knights
  4 centaur warriors
  12 ogre magi
  10 alligators
  A dancing weapon (Elf:1)
  A tengu warrior (Depths:1)
  42 two-headed ogres
  3 deep troll shamans
  A deep troll earth mage (Depths:1)
  A deep elf knight (Vaults:5)
  An orc high priest (Orc:2)
  An iron troll (Depths:2)
  4 skeletal warriors (Vaults:1)
  8 deep trolls
  2 hell knights
  A spriggan druid (Swamp:4)
  A glowing orange brain (Depths:1)
  2 wizards
  8 swamp dragons
  An unseen horror (shapeshifter) (Vaults:4)
  An unseen horror (Vaults:1)
  2 flayed ghosts
  2 harpies (Vaults:1)
  A tengu zombie (Vaults:3)
  12 orc knights
  14 ironbrand convokers
  3 phantasmal warriors
  A lindwurm (shapeshifter) (Vaults:5)
  A lindwurm (Lair:6)
  12 orb spiders
  4 necromancers
  31 wolf spiders
  A salamander (D:15)
  An orc sorcerer (Vaults:3)
  12 deep elf magi
  A faun (shapeshifter) (Vaults:1)
  24 ugly things
  6 cyclopes
  A moth of wrath (Spider:4)
  A stone giant skeleton (Vaults:4)
  2 human skeletons (Vaults:4)
  4 elephants
  A molten gargoyle (D:14)
  18 vault sentinels
  2 torpor snails (Lair:6)
  2 gargoyles
  8 cane toads
  5 centaur skeletons (D:14)
  A redback zombie (D:15)
  A hellion (Lair:1)
  5 demonic crawlers
  3 komodo dragons
  An efreet (D:15)
  20 yaktaurs
  6 freezing wraiths
  A kobold demonologist (D:12)
  A yaktaur skeleton (Vaults:3)
  2 meliai (Spider:1)
  4 polar bears (Lair:6)
  2 trolls
  8 tyrant leeches
  A jumping spider (shapeshifter) (Vaults:5)
  22 jumping spiders
  A queen bee (Spider:1)
  5 bog bodies
  21 hornets
  11 blink frogs
  A raiju (shapeshifter) (Vaults:2)
  27 slime creatures
  An ettin zombie (Vaults:4)
  2 hippogriffs
  An elf zombie (Vaults:4)
  A fire giant simulacrum (Vaults:1)
  A snapping turtle (shapeshifter) (Vaults:5)
  50 redbacks
  A water elemental (Depths:1)
  4 vampires
  21 tarantellas
  4 shadows
  11 spriggans
  A yak (shapeshifter) (Vaults:3)
  A wyvern (shapeshifter) (Vaults:5)
  A wyvern (D:14)
  17 yaks
  A fire bat (shapeshifter) (Vaults:3)
  2 fire elementals (D:14)
  3 wraiths
  A basilisk (Lair:4)
  A chaos spawn (Lair:1)
  A hog (Spider:2)
  13 vampire mosquitoes
  A swamp worm (shapeshifter) (Vaults:1)
  A steam dragon (D:14)
  14 insubstantial wisps
  12 swamp worms
  5 wargs
  2 acid dragons
  A soldier ant (D:12)
  5 porcupines
  5 water moccasins
  11 hell hounds (Lair:6)
  2 ice beasts
  9 swamp drakes
  A hornet zombie (D:14)
  16 orc warriors
  4 black bears (Lair:6)
  A phantom (D:14)
  23 ogres
  A human zombie (Vaults:3)
  A centaur (shapeshifter) (Vaults:5)
  An ettin simulacrum (Vaults:4)
  4 boggarts (Vaults:1)
  2 wolves (Lair:6)
  6 centaurs
  3 crocodiles
  An elf skeleton (Vaults:4)
  3 bullfrogs
  A wolf spider zombie (Spider:4)
  4 earth elementals (Spider:3)
  A scorpion (D:11)
  13 killer bees (Spider:1)
  7 wights
  An electric eel (Spider:1)
  4 lava snakes (D:14)
  A centaur zombie (D:11)
  8 orc priests
  5 jellies
  3 orc wizards
  An iguana (D:14)
  3 hell rats (Lair:6)
  4 worker ants
  A tarantella zombie (Spider:1)
  An ooze (shapeshifter) (Depths:2)
  19 orcs
  A quokka (D:7)
  6 bushes (Depths:1)
928 creatures vanquished.

Vanquished Creatures (others)
  2 profane servitors (Vaults:5)
  4 bone dragons
  A tengu reaver (Depths:1)
  6 ghouls
  5 vampire knights
  A spectral human (Spider:4)
  A two-headed ogre (Depths:1)
  10 skeletal warriors
  6 flayed ghosts
  8 phantasmal warriors
  2 spectral spriggans
  A yaktaur (Depths:2)
  13 flying skulls
  A wraith (D:12)
  6 vampires
  5 humans (Spider:2)
  A very ugly thing skeleton (Vaults:5)
  7 very ugly thing zombies
  A quicksilver dragon zombie (Vaults:5)
  2 ogres
  3 stone giant zombies
  5 tengu zombies
  9 ugly thing zombies
  A shadow dragon zombie (Vaults:5)
  2 golden dragon zombies (Vaults:5)
  3 wights
  A human skeleton (Vaults:5)
  2 sphinx zombies
  8 centaur zombies
  4 wolf spider zombies
  A fire giant zombie (Depths:1)
  24 human zombies
  A ghoul skeleton (Depths:2)
  An iron troll skeleton (Depths:2)
  6 swamp worm zombies
  An alligator zombie (Swamp:3)
  2 ice dragon zombies
  A hydra zombie (Swamp:3)
  10 hornet zombies
  8 redback zombies
  A tarantella zombie (Spider:1)
  A deep troll skeleton (Depths:2)
  3 jumping spider zombies
  A tyrant leech zombie (Lair:6)
  4 cane toad zombies
  6 deep troll zombies
  2 elephant zombies (Lair:6)
  2 ettin zombies (Depths:1)
  A spriggan zombie (Swamp:3)
  12 two-headed ogre zombies
  A manticore zombie (Lair:6)
  A meliai zombie (Spider:1)
  A cyclops zombie (D:13)
  6 vampire mosquito zombies
  A hound zombie (D:11)
  3 torpor snail zombies (Lair:6)
  5 wolf zombies
  7 blink frog zombies
  7 elf zombies
  5 hell hound zombies (Lair:6)
  5 hippogriff zombies
  A komodo dragon zombie (Lair:6)
  A lindwurm zombie (Lair:6)
  2 polar bear zombies (Lair:6)
  2 two-headed ogre skeletons (Orc:2)
  A water moccasin skeleton (Lair:6)
  10 yaktaur zombies
  6 porcupine zombies
  3 warg zombies
  An orc (D:12)
  3 basilisk zombies
  A big kobold zombie (D:8)
  4 black bear zombies
  6 crocodile zombies
  2 troll zombies
  10 yak zombies
  An adder zombie (D:9)
  2 bog body skeletons
  4 bullfrog zombies
  A hell rat zombie (Lair:6)
  An iguana zombie (D:14)
  2 jackal zombies
  11 killer bee zombies
  2 kobold zombies (D:8)
  A leopard gecko zombie (D:7)
  9 ogre skeletons (Orc:2)
  22 ogre zombies
  15 orc zombies
  2 quokka zombies (D:7)
  2 water moccasin zombies
  4 worker ant zombies
  A fire vortex (D:14)
  60 fungi
  96 plants
540 creatures vanquished.

Grand Total: 2245 creatures vanquished

Notes
Turn   | Place    | Note
-------+----------+-------------------------------------------
     0 | D:1      | deyja the Demonspawn Venom Mage began the quest for the
                  | Orb.
     0 | D:1      | Reached XP level 1. HP: 13/13 MP: 3/3
    75 | D:1      | Reached skill level 1 in Transmutations
   438 | D:1      | Gained mutation: You are partially covered in sharp spines.
                  | [demonic ancestry]
   438 | D:1      | Reached XP level 2. HP: 19/19 MP: 1/5
   877 | D:1      | Gained mutation: When seriously injured, your bleeding
                  | wounds create armour. (AC +12) [demonic ancestry]
   877 | D:1      | Reached XP level 3. HP: 24/24 MP: 6/6
   992 | D:1      | You fall into a shaft and drop 1 floor!
  1374 | D:1      | Learned a level 2 spell: Poisonous Vapours
  1378 | D:1      | Learned a level 3 spell: Ignite Poison
  1870 | D:2      | Reached XP level 4. HP: 30/30 MP: 2/7
  1933 | D:2      | Found a burning altar of Makhleb.
  2124 | D:2      | Found a blossoming altar of Fedhas.
  3273 | D:3      | Noticed an ogre
  3495 | D:3      | Killed an ogre
  3495 | D:3      | Gained mutation: When seriously injured, your bleeding
                  | wounds create thick armour. (AC +12) [demonic ancestry]
  3495 | D:3      | Reached XP level 5. HP: 2/35 MP: 0/9
  3807 | D:3      | Noticed a centaur
  3824 | D:3      | Killed a centaur
  3824 | D:3      | Gained mutation: You are mostly covered in sharp spines.
                  | [demonic ancestry]
  3824 | D:3      | Reached XP level 6. HP: 24/41 MP: 1/11
  4178 | D:3      | Found a snail-covered altar of Cheibriados.
  4853 | D:4      | Found a stormy altar of Qazlal.
  4855 | D:4      | Noticed an air elemental
  4856 | D:4      | Noticed a water elemental
  4856 | D:4      | Noticed a fire elemental
  5446 | D:4      | Reached XP level 7. HP: 46/46 MP: 4/12
  5469 | D:4      | Reached skill level 5 in Transmutations
  5469 | D:4      | Reached skill level 5 in Poison Magic
  5659 | D:4      | Found a staircase to the Ecumenical Temple.
  5666 | Temple   | Entered the Ecumenical Temple
  5892 | Temple   | Became a worshipper of Yredelemnul the Dark
  6338 | D:5      | Entered Level 5 of the Dungeon
  6461 | D:5      | Reached skill level 1 in Fighting
  6461 | D:5      | Reached skill level 1 in Polearms
  6522 | D:5      | Reached skill level 1 in Invocations
  6890 | D:5      | Noticed Menkaure
  6923 | D:5      | Learned a level 1 spell: Beastly Appendage
  6943 | D:5      | Killed Menkaure
  6943 | D:5      | Reached skill level 2 in Invocations
  6993 | D:5      | Reached XP level 8. HP: 41/56 MP: 14/14
  7292 | D:5      | Reached * piety under Yredelemnul
  7293 | D:5      | Reached skill level 3 in Invocations
  7820 | D:6      | Found Turistron's Antique Armour Emporium.
  7826 | D:6      | Bought a steaming robe for 182 gold pieces
  7840 | D:6      | Identified the cursed +0 robe of Faotwiho {Str+6} (You
                  | bought it in a shop on level 6 of the Dungeon)
  8101 | D:6      | Found Baroczon's General Store.
  8126 | D:6      | Reached skill level 4 in Invocations
  8290 | D:6      | Found Ireunnu's General Store.
  8420 | D:6      | Noticed Duvessa
  8421 | D:6      | Noticed Dowan
  8430 | D:6      | Killed Duvessa
  8431 | D:6      | Killed Dowan
  8431 | D:6      | Reached skill level 5 in Invocations
  8698 | D:6      | Noticed Edmund
  8754 | D:6      | Killed Edmund
  8754 | D:6      | Gained mutation: You sometimes gain a little power by
                  | taking damage. [demonic ancestry]
  8754 | D:6      | Reached XP level 9. HP: 37/65 MP: 7/15
  9603 | D:7      | Noticed Prince Ribbit
  9613 | D:7      | Killed Prince Ribbit
  9710 | D:7      | Found a runed translucent door.
  9711 | D:7      | Noticed Hores's ghost (novice GrEE)
  9725 | D:7      | Found Joheofaz's Distillery.
  9733 | D:7      | Bought a potion of heal wounds for 60 gold pieces
  9733 | D:7      | Bought a potion of lignification for 36 gold pieces
  9817 | D:7      | Found Bainonk's Antique Weapon Emporium.
  9845 | D:7      | Reached skill level 6 in Invocations
  9950 | D:7      | Noticed Pikel
  9954 | D:7      | Killed Pikel
  9954 | D:7      | Reached skill level 5 in Fighting
  9954 | D:7      | Reached skill level 5 in Dodging
 10129 | D:7      | Found Coituth's Antique Weapon Emporium.
 10183 | D:8      | Found an iron altar of Okawaru.
 10224 | D:8      | Found a white marble altar of Elyvilon.
 10225 | D:8      | Found a shadowy altar of Dithmenos.
 10225 | D:8      | Found an opulent altar of Gozag.
 10226 | D:8      | Found an ancient bone altar of Kikubaaqudgha.
 10227 | D:8      | Found an ornate altar of the Wu Jian Council.
 10227 | D:8      | Found a glowing golden altar of the Shining One.
 10228 | D:8      | Found a bloodstained altar of Trog.
 10235 | D:8      | Reached ** piety under Yredelemnul
 10248 | D:8      | Reached skill level 5 in Polearms
 10454 | D:8      | Reached skill level 7 in Invocations
 10751 | D:8      | Found a shattered altar of Ashenzari.
 10860 | D:8      | Noticed a two-headed ogre
 10868 | D:8      | Killed a two-headed ogre
 10868 | D:8      | Reached XP level 10. HP: 76/76 MP: 6/16
 11054 | D:8      | Found a shimmering blue altar of Sif Muna.
 11690 | D:9      | Reached skill level 8 in Invocations
 11838 | D:9      | Found a basalt altar of Yredelemnul.
 11940 | D:9      | Noticed Maggie
 11946 | D:9      | Killed Maggie
 12050 | D:9      | Reached *** piety under Yredelemnul
 12760 | D:9      | Found a staircase to the Orcish Mines.
 12879 | Orc:1    | Entered Level 1 of the Orcish Mines
 12879 | Orc:1    | Noticed Gastronok
 12938 | D:10     | Entered Level 10 of the Dungeon
 12999 | D:10     | Found a runed translucent gate.
 13000 | D:10     | Found a runed translucent gate.
 13001 | D:10     | Found a runed translucent gate.
 13078 | D:10     | Noticed Hiuthokh's ghost (novice MiBe)
 13079 | D:10     | Noticed a centaur warrior
 13080 | D:10     | Noticed a deep troll
 13084 | D:10     | Noticed a tengu warrior
 13142 | D:10     | Found Leid's Weapon Emporium.
 13153 | D:10     | Bought a +2 vampiric spear for 273 gold pieces
 13177 | D:10     | Found a staircase to the Lair.
 13281 | D:10     | Identified a scroll of acquirement
 13282 | D:10     | Acquired the +3 warlock's mirror {reflect}
 13283 | D:10     | Found the +3 warlock's mirror {reflect}
 13596 | D:10     | Reached skill level 9 in Invocations
 13649 | Lair:1   | Entered Level 1 of the Lair of Beasts
 13653 | Lair:1   | Reached skill level 1 in Shields
 13990 | Lair:1   | Noticed a rakshasa
 13996 | Lair:1   | Noticed a black mamba
 14026 | Lair:1   | Killed a black mamba
 14231 | Lair:1   | Found a transporter.
 14237 | Lair:1   | Noticed a rakshasa
 14241 | Lair:1   | Noticed a green ugly thing
 14244 | Lair:1   | Noticed a cane toad
 14246 | Lair:1   | Found a transporter.
 14254 | Lair:1   | Killed a cane toad
 14255 | Lair:1   | Received a gift from Yredelemnul (a wight)
 14262 | Lair:1   | Gained mutation: You have sharp fingernails. [demonic
                  | ancestry]
 14262 | Lair:1   | Reached XP level 11. HP: 74/84 MP: 14/18
 14838 | Lair:1   | Noticed Begistio's ghost (journeyman OpFi)
 14849 | Lair:1   | Found a one-way gate to the infinite horrors of the Abyss.
 15443 | Lair:2   | Reached skill level 10 in Invocations
 15461 | Lair:2   | Reached skill level 1 in Unarmed Combat
 16741 | Lair:3   | Found a staircase to the Swamp.
 17118 | Lair:3   | Found a hazy altar of Hepliaklqana.
 17133 | Lair:3   | Found a hole to the Spider Nest.
 17526 | Lair:3   | Noticed an oklob plant
 18434 | Lair:4   | Reached skill level 11 in Invocations
 18737 | Lair:4   | Reached **** piety under Yredelemnul
 18752 | Lair:4   | Received a gift from Yredelemnul (a wight)
 18942 | Lair:4   | Learned a level 4 spell: Olgreb's Toxic Radiance
 19171 | Lair:4   | Reached skill level 5 in Shields
 19171 | Lair:4   | Gained mutation: You are completely covered in sharp
                  | spines. [demonic ancestry]
 19171 | Lair:4   | Reached XP level 12. HP: 68/95 MP: 8/20
 19672 | Lair:5   | Noticed Nessos
 19680 | Lair:5   | Killed Nessos
 19681 | Lair:5   | Received a gift from Yredelemnul (a wight)
 19882 | Lair:5   | Learned a level 3 spell: Mephitic Cloud
 20111 | Lair:5   | Noticed Sonja
 20121 | Lair:5   | Killed Sonja
 20121 | Lair:5   | Reached skill level 5 in Unarmed Combat
 20121 | Lair:5   | Reached skill level 12 in Invocations
 20345 | Lair:5   | Reached skill level 1 in Conjurations
 20801 | Lair:6   | Entered Level 6 of the Lair of Beasts
 20805 | Lair:6   | Noticed a four-headed hydra
 20826 | Lair:5   | Your ally Nessos died
 20832 | Lair:5   | Killed a four-headed hydra
 21244 | Lair:5   | Reached skill level 10 in Fighting
 21579 | Lair:6   | Received a gift from Yredelemnul (5 flying skulls)
 22272 | Lair:6   | Found a runed translucent door.
 22273 | Lair:6   | Noticed an ice dragon
 22301 | Lair:6   | Reached skill level 13 in Invocations
 22301 | Lair:6   | Gained mutation: You sometimes gain power by taking damage.
                  | [demonic ancestry]
 22301 | Lair:6   | Reached XP level 13. HP: 79/104 MP: 22/22
 22408 | Lair:6   | Reached ***** piety under Yredelemnul
 22415 | Lair:6   | Received a gift from Yredelemnul (2 flying skulls)
 22908 | Lair:6   | Acquired the amulet of Vitality {Regen+ HP+15}
 22909 | Lair:6   | Found the amulet of Vitality {Regen+ HP+15}
 23002 | Lair:6   | Received a gift from Yredelemnul (2 flying skulls)
 23018 | Lair:6   | Noticed a dire elephant
 23068 | Lair:6   | Reached skill level 5 in Conjurations
 23084 | Lair:6   | Killed a dire elephant
 23085 | Lair:6   | Received a gift from Yredelemnul (2 flying skulls)
 23297 | Lair:6   | Got a steaming cloak
 23315 | Lair:6   | Identified the +0 cloak "Saffen" {Int+3} (You found it on
                  | level 6 of the Lair of Beasts)
 23449 | Lair:6   | Received a gift from Yredelemnul (a phantasmal warrior)
 24705 | Orc:1    | Killed Gastronok
 24784 | Orc:1    | Found Rifevu's Jewellery Shop.
 24794 | Orc:1    | Bought the ring of the Mage {Wiz MR++ Int+3} for 723 gold
                  | pieces
 24794 | Orc:1    | Found the ring of the Mage {Wiz MR++ Int+3}
 24987 | Orc:2    | Entered Level 2 of the Orcish Mines
 25060 | Orc:2    | Found a roughly hewn altar of Beogh.
 25066 | Orc:2    | Reached skill level 14 in Invocations
 25158 | Orc:2    | Found Suck's Assorted Antiques.
 25159 | Orc:2    | Found Xoyl's Weapon Emporium.
 25166 | Orc:2    | Received a gift from Yredelemnul (2 flying skulls)
 25172 | Orc:2    | Gained mutation: You are powered by pain. [demonic
                  | ancestry]
 25172 | Orc:2    | Reached XP level 14. HP: 97/113 MP: 0/24
 25439 | Orc:2    | Found Runo's Armour Boutique.
 25439 | Orc:2    | Found Ydeotaog's Assorted Antiques.
 25476 | Orc:2    | Received a gift from Yredelemnul (a phantasmal warrior)
 25647 | Orc:2    | Noticed an orc warlord
 25663 | Orc:2    | Killed an orc warlord
 25663 | Orc:2    | Reached skill level 15 in Invocations
 25857 | Orc:2    | Found a staircase to the Elven Halls.
 26216 | Orc:1    | Noticed Harold
 26232 | Orc:1    | Killed Harold
 26570 | Elf:1    | Entered Level 1 of the Elven Halls
 27362 | D:11     | Reached ****** piety under Yredelemnul
 27378 | D:11     | Received a gift from Yredelemnul (a flayed ghost)
 27499 | D:11     | Received a gift from Yredelemnul (a skeletal warrior)
 28102 | D:12     | Received a gift from Yredelemnul (a vampire)
 28373 | D:12     | Received a gift from Yredelemnul (a vampire knight)
 28719 | D:12     | Received a gift from Yredelemnul (a wraith)
 28857 | D:12     | Noticed Maurice
 28868 | D:12     | Killed Maurice
 29352 | D:13     | Learned a level 6 spell: Invisibility
 29744 | D:13     | Reached skill level 1 in Hexes
 29822 | D:13     | Found a gate to the Vaults.
 30166 | D:13     | Received a gift from Yredelemnul (a skeletal warrior)
 30206 | D:13     | Reached XP level 15. HP: 69/122 MP: 26/26
 30224 | D:13     | Got an ichor-stained ring mail
 31344 | D:14     | Received a gift from Yredelemnul (a bone dragon)
 31485 | D:14     | Received a gift from Yredelemnul (a ghoul)
 31500 | D:14     | Received a gift from Yredelemnul (a phantasmal warrior)
 31728 | D:14     | Reached skill level 16 in Invocations
 31818 | D:14     | Found Gitufet's Weapon Shoppe.
 32179 | D:15     | Entered Level 15 of the Dungeon
 32179 | D:15     | Noticed Agnes
 32187 | D:15     | Killed Agnes
 32187 | D:15     | Enslaved Agnes
 32370 | D:15     | Received a gift from Yredelemnul (a bone dragon)
 32426 | D:15     | Noticed Louise
 32433 | D:15     | Killed Louise
 32514 | D:15     | Noticed Rupert
 32527 | D:15     | Killed Rupert
 32776 | D:15     | Reached skill level 10 in Unarmed Combat
 33117 | D:15     | Found a staircase to the Depths.
 33407 | D:15     | Found a portal to a secret trove of treasure.
 33450 | D:15     | Upgraded the game from 0.26-a0-610-g3e9335bbc7 to
                  | 0.26-a0-631-ged93497179
 33801 | Swamp:1  | Entered Level 1 of the Swamp
 34008 | Swamp:1  | Received a gift from Yredelemnul (a flayed ghost)
 34655 | Swamp:1  | Received a gift from Yredelemnul (a skeletal warrior)
 35107 | Swamp:2  | Received a gift from Yredelemnul (a vampire)
 35186 | Swamp:2  | Received a gift from Yredelemnul (a skeletal warrior)
 35200 | Swamp:2  | Your ally Agnes died
 35784 | Swamp:2  | Received a gift from Yredelemnul (a ghoul)
 35986 | Swamp:2  | Identified the +3 ring mail of Fun and Games {rCorr Str+2}
                  | (You found it on level 13 of the Dungeon)
 36354 | Swamp:3  | Reached skill level 5 in Hexes
 36365 | Swamp:3  | Received a gift from Yredelemnul (a skeletal warrior)
 36497 | Swamp:3  | Paralysed by a hornet for 3 turns
 37286 | Swamp:4  | Entered Level 4 of the Swamp
 37382 | Swamp:4  | Noticed a thorn hunter
 37393 | Swamp:4  | Gained mutation: You have very sharp fingernails. [demonic
                  | ancestry]
 37393 | Swamp:4  | Reached XP level 16. HP: 127/130 MP: 4/28
 37395 | Swamp:4  | Killed a thorn hunter
 37656 | Swamp:3  | Killed a bone dragon
 38023 | Swamp:4  | Received a gift from Yredelemnul (a profane servitor)
 38556 | Swamp:4  | Got a decaying rune of Zot
 38912 | Spider:1 | Entered Level 1 of the Spider Nest
 38927 | Spider:1 | Received a gift from Yredelemnul (a profane servitor)
 39207 | Spider:1 | Received a gift from Yredelemnul (a skeletal warrior)
 39332 | Spider:1 | Received a gift from Yredelemnul (a vampire knight)
 39526 | Spider:1 | Noticed Frances
 39537 | Spider:1 | Gained mutation: Your magical capacity is low. (-10% MP) [a
                  | neqoxec]
 39537 | Spider:1 | Killed Frances
 39537 | Spider:1 | Enslaved Frances
 40270 | Spider:2 | Received a gift from Yredelemnul (a vampire knight)
 40346 | Spider:2 | Noticed Kirke
 40353 | Spider:2 | Killed Kirke
 40354 | Spider:2 | Received a gift from Yredelemnul (a ghoul)
 40409 | Spider:2 | Your ally Kirke died
 40677 | Spider:2 | Noticed Donald
 40686 | Spider:2 | Killed Donald
 41247 | Spider:3 | Noticed Arachne
 41252 | Spider:3 | Killed Arachne
 41444 | Spider:3 | Lost mutation: Your magical capacity is low. (-10% MP)
                  | [potion of mutation]
 41444 | Spider:3 | Gained mutation: You are frail. (-10% HP) [potion of
                  | mutation]
 41444 | Spider:3 | Gained mutation: You have a pair of small antennae on your
                  | head. [potion of mutation]
 41548 | Spider:3 | Received a gift from Yredelemnul (a phantasmal warrior)
 42366 | Spider:4 | Entered Level 4 of the Spider Nest
 42383 | Spider:4 | Received a gift from Yredelemnul (a skeletal warrior)
 42386 | Spider:4 | Reached skill level 17 in Invocations
 42442 | Spider:4 | Reached skill level 10 in Dodging
 42626 | Spider:4 | Received a gift from Yredelemnul (a vampire knight)
 42652 | Spider:4 | Your ally Frances died
 42674 | Spider:4 | Got a gossamer rune of Zot
 42960 | Spider:4 | Received a gift from Yredelemnul (a vampire)
 43458 | Lair:1   | Reached XP level 17. HP: 122/122 MP: 29/29
 43466 | Lair:1   | Killed Begistio's ghost
 43774 | Elf:1    | Received a gift from Yredelemnul (a ghoul)
 44197 | Vaults:1 | Entered Level 1 of the Vaults
 44670 | Vaults:1 | Received a gift from Yredelemnul (a bone dragon)
 45641 | Vaults:1 | Received a gift from Yredelemnul (a phantasmal warrior)
 45711 | Vaults:1 | Received a gift from Yredelemnul (a phantasmal warrior)
 46479 | Vaults:2 | Got a shimmering hand axe
 46571 | Vaults:2 | Upgraded the game from 0.26-a0-631-ged93497179 to
                  | 0.26-a0-639-g72c4674329
 46746 | Vaults:2 | Received a gift from Yredelemnul (a vampire)
 47329 | Vaults:2 | Reached skill level 10 in Shields
 47337 | Vaults:2 | Received a gift from Yredelemnul (a flayed ghost)
 47460 | Vaults:2 | Reached skill level 18 in Invocations
 47617 | Vaults:2 | Found a staircase to the Crypt.
 47873 | Vaults:2 | Found a roughly hewn altar of Beogh.
 47879 | Vaults:2 | Received a gift from Yredelemnul (a skeletal warrior)
 48330 | Vaults:3 | Noticed a lich
 48339 | Vaults:3 | Received a gift from Yredelemnul (a vampire)
 48339 | Vaults:3 | Killed a lich
 48362 | Vaults:3 | Received a gift from Yredelemnul (a vampire knight)
 48366 | Vaults:3 | Got a masterwork trident
 48381 | Vaults:3 | Identified the +5 hand axe "Igemy" {flame, rPois} (You
                  | found it on level 2 of the Vaults)
 48382 | Vaults:3 | Identified the +1 trident "Xomamocita" {flame, *Rage +Rage
                  | Str+5 Int+6} (You found it on level 3 of the Vaults)
 48758 | Vaults:3 | Received a gift from Yredelemnul (a skeletal warrior)
 49859 | Vaults:4 | Found Wimith's Gadget Boutique.
 49898 | Vaults:4 | Found Wifaas's Antique Weapon Boutique.
 49940 | Vaults:4 | Reached XP level 18. HP: 125/128 MP: 29/31
 49960 | Vaults:4 | Received a gift from Yredelemnul (a ghoul)
 50395 | Vaults:4 | Found Puigaodgh's Book Shoppe.
 50605 | Vaults:4 | Received a gift from Yredelemnul (a skeletal warrior)
 50644 | Vaults:4 | Reached skill level 10 in Hexes
 51170 | Vaults:5 | Entered Level 5 of the Vaults
 51173 | Vaults:5 | Received a gift from Yredelemnul (a flayed ghost)
 51181 | Vaults:5 | Identified the ring of Bodily Harmony {rN+ Str+4 SInv}
 51221 | Vaults:4 | Reached skill level 19 in Invocations
 51447 | Vaults:5 | Received a gift from Yredelemnul (a vampire)
 51460 | Vaults:5 | Noticed a golden dragon
 51462 | Vaults:5 | Identified the cursed ring "Fient" {rC+ AC-4 Int+8}
 51463 | Vaults:5 | Killed a golden dragon
 51475 | Vaults:5 | Received a gift from Yredelemnul (a flayed ghost)
 51628 | Vaults:5 | Noticed a golden dragon
 51638 | Vaults:5 | Killed a golden dragon
 51652 | Vaults:5 | Noticed a tentacled monstrosity
 51654 | Vaults:5 | Noticed a golden dragon
 51659 | Vaults:5 | Killed a tentacled monstrosity
 51662 | Vaults:5 | Killed a golden dragon
 51662 | Vaults:5 | Reached skill level 1 in Armour
 51668 | Vaults:5 | Received a gift from Yredelemnul (a phantasmal warrior)
 51727 | Vaults:5 | Gained mutation: You have claws for hands. [demonic
                  | ancestry]
 51727 | Vaults:5 | Reached XP level 19. HP: 83/134 MP: 32/32
 51728 | Vaults:5 | Lost mutation: You are frail. (-10% HP) [potion of
                  | mutation]
 51728 | Vaults:5 | Lost mutation: You have a pair of small antennae on your
                  | head. [potion of mutation]
 51728 | Vaults:5 | Gained mutation: You have a pair of small antennae on your
                  | head. [potion of mutation]
 51728 | Vaults:5 | Gained mutation: Scrolls take you a little longer to read.
                  | [potion of mutation]
 51728 | Vaults:5 | Gained mutation: You possess an exceptional clarity of
                  | mind. [potion of mutation]
 51967 | Vaults:5 | Received a gift from Yredelemnul (a flayed ghost)
 52079 | Vaults:5 | Learned a level 6 spell: Statue Form
 52296 | Vaults:5 | Found the +3 giant club "Skullcrusher" {speed, Str+7}
 52297 | Vaults:5 | Found the +11 plutonium sword {*Contam Stlth-}
 52592 | Vaults:5 | Identified the Collected Works on the Snowflakes and
                  | Feathers
 52599 | Vaults:5 | Got a silver rune of Zot
 52675 | Vaults:5 | Noticed a Tzitzimitl
 52905 | Vaults:5 | Noticed a golden dragon
 52913 | Vaults:5 | Killed a golden dragon
 52918 | Vaults:5 | Noticed a golden dragon
 52923 | Vaults:5 | Reached skill level 1 in Earth Magic
 52937 | Vaults:5 | Killed a golden dragon
 53530 | Depths:1 | Entered Level 1 of the Depths
 53594 | Depths:1 | Reached skill level 5 in Armour
 53899 | Depths:1 | Received a gift from Yredelemnul (a vampire knight)
 54040 | Depths:1 | Reached skill level 20 in Invocations
 54130 | Depths:1 | Found Jilarcho's Gadget Boutique.
 54134 | Depths:1 | Found Unoryib's Jewellery Shoppe.
 54135 | Depths:1 | Found Ovvaupt's Gadget Boutique.
 54156 | Depths:1 | Noticed Sojobo
 54177 | Depths:1 | Killed Sojobo
 54271 | Depths:1 | Found Bogo's Weapon Boutique.
 54421 | Depths:1 | Received a gift from Yredelemnul (a bone dragon)
 54503 | Depths:1 | Gained mutation: When seriously injured, your bleeding
                  | wounds create very thick armour. (AC +12) [demonic
                  | ancestry]
 54503 | Depths:1 | Reached XP level 20. HP: 129/156 MP: 34/34
 54578 | Depths:1 | Received a gift from Yredelemnul (a bone dragon)
 54578 | Depths:1 | Upgraded the game from 0.26-a0-639-g72c4674329 to
                  | 0.26-a0-646-g5d7718319a
 54855 | Depths:1 | Found a gateway to Hell.
 55131 | Depths:2 | Received a gift from Yredelemnul (a phantasmal warrior)
 55287 | Depths:2 | Received a gift from Yredelemnul (a ghoul)
 55787 | Depths:2 | Reached skill level 5 in Earth Magic
 55992 | Depths:2 | Noticed a golden dragon
 56009 | Depths:2 | Killed a golden dragon
 56058 | Depths:2 | HP: 3/171 [titan (30)]
 56059 | Depths:2 | Slain by a titan

Illustrated notes

Levels and vault maps discovered:
D:1:      scummos_arrival_forest, layout_basic
D:2:      layout_basic, nicolae_overflow_crystal_walls, fedhas_altar_2,
          serial_forest, infiniplex_forest_lined_2, infiniplex_forest_end_2,
          infiniplex_forest_clump_small, infiniplex_forest_lined_3,
          infiniplex_forest_clump_medium, infiniplex_forest_end_1,
          infiniplex_forest_lined_2
D:3:      layout_rooms, cheibriados_altar_1
D:4:      layout_cave_pods, temple_green, minivault_5,
          nicolae_qazlal_style_of_elements
D:5:      layout_basic, corexii_checkpoint_b, uniq_menkaure
D:6:      kennysheep_six_static_rooms, layout_basic, serial_shops, shop, shop,
          nicolae_shop_competitors_out_of_business, uniq_edmund, uniq_duvessa
D:7:      layout_cave_pools, serial_shops, nicolae_shop_overgrown_old_shop,
          kennysheep_mini, nicolae_shop_statue_plus,
          ebering_ghost_reflecting_pool, uniq_prince_ribbit1, uniq_pikel
D:8:      layout_loops_ring, evilmike_ruin_ashenzari, led_sif_book,
          grunt_temple_overflow_open, nrook_mini_backslash
D:9:      layout_basic, orc_0_dummy, basic_altar, minivault_25,
          grunt_ministairs_5, bh_walls_and_bars, uniq_maggie
D:10:     layout_stronghold, due_lair_maze_entry_diamond, gammafunk_ghost_split,
          serial_shops, shop
D:11:     layout_rooms, kennysheep_generic_room_11
D:12:     layout_cave_pods, grunt_ministairs_3, elves_outpost_lemuel,
          uniq_maurice
D:13:     kennysheep_blocky_hall, layout_basic, david_vaults_4,
          ebering_dispersal_statue_hall, grunt_decor_one_mirror,
          hangedman_glass_teeth
D:14:     layout_big_octagon, serial_shops, shop, grunt_decor_arrowhead,
          kennysheep_kite_vault
D:15:     hangedman_depths_entry_try_elsewhere_first, layout_loops_corners,
          enter_trove_3, chequers_mini_garden, uniq_louise, uniq_rupert,
          uniq_agnes
Temple:   compressed_dpeg_triangle_lava_temple
Lair:1:   layout_hall_layers, gammafunk_ghost_abyssal_escape,
          beast_lair_carwin_6
Lair:2:   layout_gridlike
Lair:3:   layout_long_grid, skrybe_swamp_entry_bodies, spider_nest_entry_a,
          basic_altar, minmay_lair_oklob_bushes, chequers_serial_rivers_room_b
Lair:4:   layout_concentric_octagons
Lair:5:   layout_concentric_octagons, minmay_slime_entry_oklob_enclosed,
          uniq_nessos, uniq_sonja
Lair:6:   wormcave, layout_gridlike, hangedman_lair_caniforms_friends
Swamp:1:  layout_basic_swamp, hangedman_swamp_lotus
Swamp:2:  layout_basic_swamp, hangedman_swamp_blocks
Swamp:3:  layout_basic_swamp, serial_swamp_ruin, evilmike_swamp_ruin_house_3,
          evilmike_swamp_ruin_house_6, evilmike_swamp_ruin_house_4,
          infiniplex_staircase_pool
Swamp:4:  swamp, layout_basic_swamp, swamp_pool1
Spider:1: layout_spider_delve, special_room [special_room_bee], drop_trap,
          uniq_frances
Spider:2: layout_spider_delve, uniq_kirke, uniq_donald
Spider:3: layout_spider_delve, hangedman_stitches_earthworm, uniq_arachne
Spider:4: grunt_spider_rune_parallel
Orc:1:    layout_caves, serial_shops, nicolae_shop_statue_plus,
          nicolae_orc_tapped_out, uniq_harold, uniq_gastronok
Orc:2:    st_orc_ogre_mass, layout_caves, basic_altar
Elf:1:    minmay_elf_arrival_plus, layout_gridlike,
          kennysheep_underground_church, minmay_shop_star, uniq_asterion
Vaults:1: vaults_mumra_hex, ontoclasm_vaults_shuriken, vaults_mumra_hexcomb,
          v_alt_pattern_4, grunt_vaults_swirl, nicolae_vaults_mini_display_case,
          nicolae_vaults_alarming, v_rooms_4, nicolae_vaults_ring_of_whatevers,
          layout_vaults_chaotic_city
Vaults:2: hangedman_vaults_pinch, hangedman_vaults_locks,
          minmay_crypt_entry_vampire_xt, nicolae_vaults_network_quinsquares
          [nicolae_vaults_network_quincunx_subvault,
          nicolae_vaults_network_quincunx_subvault,
          nicolae_vaults_network_quincunx_subvault,
          nicolae_vaults_network_quincunx_subvault], vaults_dpeg_ring,
          ontoclasm_vaults_pinch, nicolae_vaults_little_ls, v_misc_31,
          v_misc_24, special_room_vaults [special_room_orc],
          layout_vaults_omnicross
Vaults:3: v_pattern_2, v_misc_29, vaults_mumra_chevron_long,
          nicolae_vaults_network_quincunx
          [nicolae_vaults_network_quincunx_subvault,
          nicolae_vaults_network_quincunx_subvault,
          nicolae_vaults_network_quincunx_subvault,
          nicolae_vaults_network_quincunx_subvault,
          nicolae_vaults_network_quincunx_subvault], v_alt_pattern_3, v_misc_13,
          nicolae_vaults_network_star, ontoclasm_vaults_gallery,
          hangedman_vaults_trim, ontoclasm_vaults_chip, hangedman_vaults_impose,
          v_misc_22, layout_vaults_maze_snakey
Vaults:4: nicolae_vaults_angled_halls, grunt_vaults_diagonal,
          hangedman_vaults_trim, vaults_dpeg_cross, v_rooms_2,
          vaults_room_large_hall, nicolae_vaults_specimen_jars, v_misc_11,
          v_misc_14, vaults_room_ringed_pool, nicolae_vaults_network_s,
          nicolae_vaults_three_branches, layout_vaults_omnigrid, serial_shops,
          nicolae_shop_stone, shop, shop
Vaults:5
Depths:1: layout_gridlike, pf_dread_powers_of_hell, minmay_hedge_maze,
          serial_shops, nicolae_shop_stone, chequers_serial_rivers_micro_e,
          grunt_ministairs_9, eino_tiny_chamber, minmay_mirror_moons_of_madness,
          minmay_shop_grove, uniq_sojobo
Depths:2: minmay_the_grid_3x2 [minmay_the_grid_armoury, minmay_the_grid_airy,
          minmay_the_grid_minigrid_medium, minmay_the_grid_plusring,
          minmay_the_grid_medium_cups, minmay_the_grid_prize_four_corners],
          layout_gridlike, pf_coc_iceberg, rand_demon_pan_entry_4,
          minmay_crystal_room, firewood_loft

Skill      XL: |  1  2  3  4  5  6  7  8  9 10 11 12 13 14 15 16 17 18 19 20 |
---------------+-------------------------------------------------------------+-----
Transmutations | 1 2 3 4 5 6 8 |  8.8
Spellcasting   | 3 4 |  4.0
Poison Magic   | 4 5 |  5.0
Dodging        | 2 4 6 7 9 10 11 12 | 12.2
Fighting       | 2 4 6 7 9 10 11 12 13 | 13.0
Polearms       | 2 3 5 6 7 |  7.0
Invocations    | 2 5 7 9 11 13 14 15 16 17 18 19 20 | 20.5
Shields        | 2 5 6 7 9 10 11 12 | 12.8
Unarmed Combat | 4 6 8 9 10 11 12 13 | 13.7
Conjurations   | 4 6 9 |  9.0
Hexes          | 1 5 8 9 10 | 10.0
Armour         | 1 5 6 |  6.9
Earth Magic    | 4 5 |  5.1
Stealth        | |  1.7

Action                   |  1- 3 |  4- 6 |  7- 9 | 10-12 | 13-15 | 16-18 | 19-21 || total
-------------------------+-------+-------+-------+-------+-------+-------+-------++-------
Melee: Unarmed           |     2 |       |       |       |       |   119 |   458 ||   579
       Spear             |    29 |    77 |   171 |   528 |   735 |   346 |       ||  1886
       Club              |     5 |       |       |       |       |       |       ||     5
       Kick              |       |       |    12 |     8 |       |       |       ||    20
       Headbutt          |       |       |     3 |    10 |       |       |       ||    13
       Trident           |       |       |       |       |       |     4 |       ||     4
 Cast: Sting             |    38 |     3 |       |     7 |    15 |       |       ||    63
       Poisonous Vapours |     7 |    48 |    64 |    65 |    18 |     2 |       ||   204
       Ignite Poison     |       |     1 |     6 |    23 |    55 |       |       ||    85
       Beastly Appendage |       |       |     6 |     6 |       |       |       ||    12
       Olgreb's Toxic Ra |       |       |       |    11 |    67 |       |       ||    78
       Mephitic Cloud    |       |       |       |       |     3 |       |       ||     3
       Invisibility      |       |       |       |       |       |     7 |       ||     7
Invok: Animate Remains   |       |       |    23 |     4 |       |       |       ||    27
       Animate Dead      |       |       |       |    53 |    91 |   116 |    36 ||   296
       Recall Undead Sla |       |       |       |     3 |     4 |    10 |     1 ||    18
       Drain Life        |       |       |       |       |     7 |    33 |    19 ||    59
       Enslave Soul      |       |       |       |       |     2 |     1 |       ||     3
Evoke: Wand              |       |       |       |     3 |    19 |     8 |       ||    30
  Use: Scroll            |       |     3 |    11 |    11 |    15 |     8 |     9 ||    57
       Potion            |       |       |     3 |     6 |     2 |    10 |     9 ||    30
 Stab: Sleeping          |     4 |     2 |     8 |     9 |     1 |     7 |       ||    31
       Distracted        |       |       |     1 |     4 |    10 |    14 |     9 ||    38
       Petrifying        |       |       |       |     3 |       |       |       ||     3
       Paralysed         |       |       |       |       |     1 |       |       ||     1
       Invisible         |       |       |       |       |       |     9 |       ||     9
Armor: Robe              |    29 |    15 |    16 |    45 |    81 |    69 |       ||   255
       Gold dragon scale |       |       |       |       |       |       |   309 ||   309
Dodge: Dodged            |    72 |    39 |   155 |   398 |   492 |   416 |    51 ||  1623
Block: Buckler           |       |       |       |   165 |   358 |   249 |   187 ||   959
       Reflection        |       |       |       |     6 |    31 |    38 |    19 ||    94

Table legend: (Time is in decaauts)
 A = Elapsed time spent in this place.
 B = Non-inter-level travel time spent in this place.
 C = Inter-level travel time spent in this place.
 D = Time resting spent in this place.
 E = Time spent auto-exploring this place.
 F = Levels seen in this place.
 G = Mean time per level.
                   A        B        C        D        E       F      G
               +--------+--------+--------+--------+--------+-----+--------+
         Total |  55856 |  52844 |   3012 |  13523 |  26217 |  40 | 1396.4 |
       Dungeon |  21001 |  19490 |   1511 |   3789 |  11215 |  15 | 1400.1 |
        Temple |    233 |    233 |      0 |      0 |    187 |   1 |  233.0 |
          Lair |  10864 |  10297 |    567 |   3899 |   3906 |   6 | 1810.7 |
         Swamp |   5281 |   5066 |    215 |   1745 |   2380 |   4 | 1320.2 |
   Spider Nest |   4362 |   4211 |    151 |   1547 |   1789 |   4 | 1090.5 |
  Orcish Mines |   2506 |   2227 |    279 |    520 |    934 |   2 | 1253.0 |
   Elven Halls |     30 |     30 |      0 |      0 |      0 |   1 |   30.0 |
        Vaults |   9153 |   8898 |    255 |   1410 |   4973 |   5 | 1830.6 |
        Depths |   2420 |   2388 |     32 |    613 |    833 |   2 | 1210.0 |
               +--------+--------+--------+--------+--------+-----+--------+

Top non-repeatable levels by time:
  Lair:6: 2561 daAuts
Vaults:1: 2296 daAuts
     D:2: 2169 daAuts
  Lair:5: 2125 daAuts
    D:13: 1986 daAuts
  Lair:1: 1955 daAuts
Vaults:4: 1920 daAuts
Vaults:5: 1880 daAuts
Vaults:2: 1833 daAuts
     D:9: 1593 daAuts
     D:4: 1560 daAuts
     D:5: 1544 daAuts
Depths:1: 1535 daAuts
  Lair:4: 1489 daAuts
     D:6: 1475 daAuts
